 Dungeon Crawl Stone Soup version 0.20-a0-1040-gfd09691 (webtiles) character file.

6378 HarryHood the Fighter (level 10, 0/99 HPs)
             Began as a Gargoyle Berserker on Apr 20, 2017.
             Was an Elder of Trog.
             Slain by Gastronok (5 damage)
             ... on level 10 of the Dungeon on Apr 23, 2017.
             The game lasted 00:31:18 (9545 turns).

HarryHood the Fighter (Gargoyle Berserker)          Turns: 9545, Time: 00:31:19

Health: 0/99       AC: 21    Str: 27    XL:     10   Next: 97%
Magic:  10/10      EV:  6    Int:  9    God:    Trog [****..]
Gold:   475        SH: 18    Dex: 10    Spells: 9/9 levels left

rFire    + + .     SeeInvis .   a - +3 flail
rCold    . . .     Gourm    .   h - +0 large shield
rNeg     + + .     Faith    +   B - +0 chain mail
rPois    ∞         Spirit   .   j - +0 helmet
rElec    +         Reflect  .   e - scarf of the Lost Path {Regen+}
rCorr    .         Harm     .   (no gloves)
MR       .....                  l - +0 pair of boots
Stlth    ..........             E - amulet "Weco" {Faith rF++}
Regen    0.7/turn               w - ring of positive energy
MPRegen  0.2/turn               (no ring)

@: berserking, very quick
A: negative energy resistance 1, electricity resistance, unbreathing,
petrification resistance, rot immunity, AC +7
a: Berserk, Trog's Hand, Brothers in Arms, Burn Spellbooks, Renounce Religion


You were on level 10 of the Dungeon.
You worshipped Trog.
Trog was greatly pleased with you.
You were very hungry.

You visited 2 branches of the dungeon, and saw 11 of its levels.

You collected 475 gold pieces.

Inventory:

Hand Weapons
 a - a +3 flail (weapon)
 b - a +0 hunting sling
 i - a cursed -1 hunting sling
Missiles
 d - 24 sling bullets
Armour
 e - the scarf of the Lost Path (worn) {Regen+}
   (You acquired it on level 9 of the Dungeon)

   It increases your rate of regeneration.
 h - a +0 large shield (worn)
 j - a +0 helmet (worn)
 l - a +0 pair of boots (worn)
 v - a +0 cloak
 B - a +0 chain mail (worn)
 C - the cursed +1 leather armour of Jipnoe Wasi {*Corrode MR++ Regen+ Int+4, unknown}
   (You found it on level 8 of the Dungeon)

   It affects your intelligence (+4).
   It affects your resistance to hostile enchantments.
   It increases your rate of regeneration.
   It may corrode you when you take damage.
   It has a curse placed upon it.
Jewellery
 w - a ring of positive energy (left hand)
 E - the amulet "Weco" (around neck) {Faith rF++}
   (You found it on level 8 of the Dungeon)

   [amulet of faith]

   It allows you to gain divine favour quickly.
   It greatly protects you from fire.
Scrolls
 p - a scroll of recharging
 x - 2 scrolls of teleportation {@r0}
 y - a scroll of magic mapping
Potions
 f - 3 potions of agility
 g - a potion of cancellation
 k - a potion of resistance
 o - 3 potions of magic
 q - a potion of invisibility
 r - a potion of berserk rage {unknown}
 s - a potion of mutation {!q}
 t - 2 potions of heal wounds {unknown}
 u - 2 potions of curing {@q2}
 z - a potion of might {unknown}
 D - a potion of ambrosia {unknown}
Comestibles
 c - 8 bread rations {@e1}
 m - 7 meat rations {@e1}
 n - 6 fruits {@e2}
 A - a royal jelly {@e3}
 F - 8 chunks of flesh


   Skills:
 - Level 9.1 Fighting
 - Level 9.0 Maces & Flails
 * Level 0.3 Slings
 - Level 9.1 Armour
 - Level 1.5 Dodging
 - Level 9.1 Shields


You had 9 spell levels left.
You didn't know any spells.

Dungeon Overview and Level Annotations

Branches:
Dungeon (10/15)            Temple (1/1) D:6            Lair (0/6) D:9
    Orc (0/2) D:9

Altars:
Cheibriados
Dithmenos
Fedhas
Kikubaaqudgha
Nemelex Xobeh
Okawaru
Qazlal
Vehumet
Wu Jian
Zin
The Shining One

Shops:
D:9 [

Annotations:
D:10 Gastronok


Innate Abilities, Weirdness & Mutations

You are resistant to torment.
Your stone body is resilient. (AC +7)
You are immune to poison.
You resist negative energy. (rN+)
You are resistant to electric shocks. (rElec)
You can survive without breathing.
You are immune to petrification.
You are immune to rotting.


Message History

You take 29 damage, and have 15/66 hp.
MASSIVE DAMAGE!!
A red film seems to cover your vision as you go berserk!
You feel yourself moving faster!
You feel mighty!
You are feeling very hungry.
The centaur warrior zombie hits you but does no damage.
You block the bat's attack.
You block the centaur warrior zombie's attack.
You now have 22/99 hp.
You thump Gastronok! You block the bat's attack. The bat closely misses you.
The centaur warrior zombie hits you but does no damage.
You bludgeon Gastronok!! You block the bat's attack. Gastronok bites you!!
* * * LOW HITPOINT WARNING * * *
The centaur warrior zombie hits you but does no damage.
You take 19 damage, and have 4/99 hp.
You sock Gastronok! You block the bat's attack. The bat barely misses you.
You block the centaur warrior zombie's attack.
You hit Gastronok. You block the bat's attack.
You block the centaur warrior zombie's attack.
Gastronok bites you.
You die...

+......###....##..
##.#...###........###
#.###................
#.# #......####......
#. ##..#..# ...... #.
##.....####......
#.........b.......
#.#....#...#>.....
#..#...####@Zb# . #.
##..# ##wr..... ....
....#.. ..... ......:
.[.. .....[. .#.....
###..!. ....


You could see Gastronok, a centaur warrior zombie, 2 bats and a rat.

Vanquished Creatures
  2 two-headed ogres
  The ghost of w00t the Cleaver, a novice MiFi (D:8)
  2 hornets (D:9)
  Prince Ribbit (D:5)
  A hippogriff (D:7)
  2 wyverns (D:10)
  An acid dragon (D:9)
  A sky beast (D:6)
  3 ice beasts
  4 orc warriors
  A black bear (D:7)
  3 phantoms
  4 ogres
  2 centaurs
  A big kobold (D:9)
  4 bullfrogs
  A jelly (D:6)
  6 crimson imps
  4 hounds
  2 bullfrog zombies
  3 centaur skeletons
  6 orc priests
  4 bullfrog skeletons (D:9)
  8 iguanas
  Crazy Yiuf (D:5)
  6 orc wizards (D:7)
  5 worker ants
  A hound zombie (D:7)
  A hound skeleton (D:8)
  3 adders
  A shadow imp (D:8)
  An ooze (D:3)
  2 adder zombies
  An adder skeleton (D:9)
  A dart slug (D:1)
  4 leopard geckos
  27 orcs
  6 giant cockroaches
  8 goblins
  7 hobgoblins
  2 jackals (D:1)
  13 kobolds
  3 quokkas
  7 bats
  6 frilled lizards
  A jackal skeleton (D:4)
  2 quokka skeletons (D:4)
  A rat (D:4)
177 creatures vanquished.

Vanquished Creatures (others)
  An orc wizard (D:7)
  An adder skeleton (D:5)
2 creatures vanquished.

Grand Total: 179 creatures vanquished

Notes
Turn   | Place    | Note
-------+----------+-------------------------------------------
     0 | D:1      | HarryHood the Gargoyle Berserker began the quest for the Orb.
     0 | D:1      | Reached XP level 1. HP: 14/14 MP: 1/1
   174 | D:1      | Reached XP level 2. HP: 14/20 MP: 2/2
   182 | D:1      | Reached skill level 4 in Fighting
   889 | D:1      | Reached XP level 3. HP: 22/24 MP: 3/3
  1555 | D:2      | Reached ** piety under Trog
  1659 | D:2      | Found a blossoming altar of Fedhas.
  1681 | D:2      | Found an iron altar of Okawaru.
  1793 | D:2      | You fall through a shaft!
  1793 | D:3      | Found a stormy altar of Qazlal.
  1793 | D:3      | Found an ancient bone altar of Kikubaaqudgha.
  1793 | D:3      | Found an ornate altar of the Wu Jian Council.
  1795 | D:3      | Found a radiant altar of Vehumet.
  1796 | D:3      | Found a glowing golden altar of the Shining One.
  1813 | D:3      | Reached skill level 5 in Fighting
  1824 | D:3      | Found a shadowy altar of Dithmenos.
  1914 | D:3      | Upgraded the game from 0.20-a0-1025-g4706f7e to 0.20-a0-1040-gfd09691
  1927 | D:3      | Reached XP level 4. HP: 6/31 MP: 4/4
  2778 | D:3      | Found a sparkling altar of Nemelex Xobeh.
  2963 | D:4      | Reached skill level 6 in Fighting
  2963 | D:4      | Reached XP level 5. HP: 23/36 MP: 5/5
  3039 | D:4      | Found a sparkling altar of Nemelex Xobeh.
  3172 | D:4      | Reached skill level 4 in Maces & Flails
  3172 | D:4      | Reached XP level 6. HP: 39/41 MP: 6/6
  3279 | D:4      | Found a snail-covered altar of Cheibriados.
  3408 | D:5      | Entered Level 5 of the Dungeon
  3487 | D:5      | Noticed a phantom
  3499 | D:5      | Killed a phantom
  3499 | D:5      | Reached skill level 5 in Maces & Flails
  3512 | D:5      | Found a stormy altar of Qazlal.
  3811 | D:5      | Noticed a phantom
  3815 | D:5      | Killed a phantom
  3815 | D:5      | Reached skill level 6 in Maces & Flails
  3815 | D:5      | Reached XP level 7. HP: 46/46 MP: 7/7
  4014 | D:5      | Noticed Prince Ribbit
  4024 | D:5      | Killed Prince Ribbit
  4024 | D:5      | Reached skill level 4 in Armour
  4286 | D:5      | Found a runed door.
  4503 | D:5      | Noticed Crazy Yiuf
  4506 | D:5      | Killed Crazy Yiuf
  4584 | D:6      | Reached skill level 5 in Armour
  4819 | D:6      | Reached skill level 6 in Armour
  4819 | D:6      | Reached XP level 8. HP: 44/51 MP: 8/8
  4833 | D:6      | Reached skill level 2 in Shields
  4884 | D:6      | Reached skill level 3 in Shields
  5098 | D:6      | Reached skill level 4 in Shields
  5163 | D:6      | Reached skill level 5 in Shields
  5632 | D:6      | Found a staircase to the Ecumenical Temple.
  5638 | Temple   | Entered the Ecumenical Temple
  5657 | D:6      | Reached skill level 6 in Shields
  5876 | D:6      | Reached skill level 7 in Fighting
  6030 | D:7      | Reached XP level 9. HP: 55/57 MP: 9/9
  6133 | D:7      | Reached *** piety under Trog
  6230 | D:7      | Reached skill level 8 in Fighting
  6489 | D:7      | Reached skill level 9 in Fighting
  7218 | D:8      | Noticed w00t's ghost (novice MiFi)
  7220 | D:8      | Reached skill level 7 in Maces & Flails
  7237 | D:8      | Killed w00t's ghost
  7237 | D:8      | Reached skill level 8 in Maces & Flails
  7481 | D:8      | Reached skill level 9 in Maces & Flails
  7481 | D:8      | Reached XP level 10. HP: 66/66 MP: 10/10
  7489 | D:8      | Got a scorched crystal amulet
  7490 | D:8      | Identified the amulet "Weco" {Faith rF++} (You found it on level 8 of the Dungeon)
  7648 | D:8      | Noticed a two-headed ogre
  7664 | D:8      | Killed a two-headed ogre
  7664 | D:8      | Reached skill level 7 in Armour
  8048 | D:8      | Got a bloodstained leather armour
  8228 | D:9      | Found Kehubitz's Armour Emporium.
  8240 | D:9      | Reached skill level 8 in Armour
  8265 | D:9      | Noticed a two-headed ogre
  8276 | D:9      | Killed a two-headed ogre
  8276 | D:9      | Reached skill level 9 in Armour
  8516 | D:9      | Found a staircase to the Orcish Mines.
  8692 | D:9      | Reached **** piety under Trog
  8695 | D:9      | Found a staircase to the Lair.
  8779 | D:9      | Reached skill level 7 in Shields
  9044 | D:9      | Reached skill level 8 in Shields
  9048 | D:9      | Found a glowing silver altar of Zin.
  9395 | D:9      | Identified a scroll of acquirement
  9398 | D:9      | Got an ancient scarf
  9409 | D:9      | Identified the scarf of the Lost Path {Regen+} (You acquired it on level 9 of the Dungeon)
  9411 | D:10     | Entered Level 10 of the Dungeon
  9530 | D:10     | Noticed Gastronok
  9536 | D:10     | Reached skill level 9 in Shields
  9543 | D:10     | HP: 4/99 [Gastronok (19)]
  9545 | D:10     | Slain by Gastronok

Vault maps used:
D:1:      erik_arrival_cave_to_civilisation
D:2:      minitemple
D:3:      minmay_overflow_temple_hex, first_bread, nemelex_dance_club_becter
D:4:      lemuel_doored_altar, hex_tiny, nemelex_spade_bored_becter
D:5:      nicolae_qazlal_eye_of_the_storm, uniq_crazy_yiuf_cottage,
          uniq_prince_ribbit1
D:6:      kb_forest_paths, minmay_temple_entry_statues_pillars
D:9:      marbit_many_paths, lair_entry_dummy, orc_0_dummy, serial_shops,
          nicolae_shop_temple_entry_statues_fountains
D:10:     special_room, grunt_tengu_nest, uniq_gastronok
Temple:   minmay_temple_bridge_abc

Skill      XL: |  1  2  3  4  5  6  7  8  9 10 |
---------------+-------------------------------+-----
Fighting       | 4 5 6 7 9 |  9.1
Maces & Flails | 4 6 9 |  9.0
Armour         | 6 9 |  9.1
Shields        | 6 9 |  9.1
Slings         | |  0.3
Dodging        | |  1.5

Action                   |  1- 3 |  4- 6 |  7- 9 | 10-12 || total
-------------------------+-------+-------+-------+-------++-------
Melee: Mace              |   142 |       |       |       ||   142
       Flail             |       |   165 |   325 |   202 ||   692
Invok: Berserk           |     1 |       |     5 |     3 ||     9
       Burn Spellbooks   |       |     1 |       |       ||     1
  Use: Scroll            |     3 |    10 |     9 |     2 ||    24
 Stab: Sleeping          |     2 |       |       |       ||     2
  Eat: Chunk             |     3 |     6 |    11 |     8 ||    28
       Fruit             |       |     2 |     2 |       ||     4
       Bread ration      |       |       |     1 |       ||     1
Armor: Animal skin       |    59 |       |       |       ||    59
       Scale mail        |       |    88 |    65 |       ||   153
       Chain mail        |       |       |    50 |    82 ||   132
Dodge: Dodged            |    80 |    23 |    30 |    26 ||   159
Block: Large shield      |    68 |   100 |   184 |   141 ||   493
